 Dungeon Crawl Stone Soup version 0.14-a0-3329-g86b2fc4 (webtiles) character file.

904 Kae the Basher (level 7, -2/57 HPs)
             Began as a Minotaur Fighter on Mar 16, 2014.
             Was a Believer of Okawaru.
             Killed from afar by rvm's ghost (27 damage)
             ... with a shard of ice
             ... on Level 4 of the Dungeon.
             The game lasted 00:04:25 (2974 turns).

Kae the Basher (Minotaur Fighter)                   Turns: 2974, Time: 00:04:26

HP  -2/57        AC  6     Str 20      XL: 7   Next: 36%
MP   1/3         EV  9     Int  7      God: Okawaru [**....]
Gold 213         SH 22     Dex 10      Spells:  0 memorised,  6 levels left

rFire  . . .     SeeInvis .     b - +2,+3 whip (elec)
rCold  . . .     Clarity  .     p - +0 ring mail
rNeg   . . .     Conserve .     c - +0 shield
rPois  +         rCorr    .     (helmet restricted)
rElec  .         rRot     .     (no cloak)
SustAb . .       Spirit   .     (no gloves)
rMut   .         Warding  .     (no boots)
Saprov . . .     Stasis   .     (no amulet)
MR     .....                    (no ring)
                                y - ring of poison resistance

@: heroism, not resistant to hostile enchantments, unstealthy
A: retaliatory headbutt, horns 2
a: Heroism, Renounce Religion


You were on level 4 of the Dungeon.
You worshipped Okawaru.
Okawaru was pleased with you.
You were not hungry.

You visited 1 branch of the dungeon, and saw 4 of its levels.

You collected 213 gold pieces.

Inventory:

Hand weapons
 a - a +0,+0 flail
 b - a +2,+3 whip of electrocution (weapon)
Armour
 c - a +0 shield (worn)
 p - a +0 ring mail (worn)
Comestibles
 d - 3 bread rations
 f - 2 apples
 s - 3 meat rations
 u - a pear
 w - a chunk of orc flesh
 z - a lychee
Scrolls
 g - a scroll of remove curse {unknown}
 k - a scroll of immolation {unknown}
 m - a scroll of enchant armour
 n - 4 scrolls of identify
 q - a scroll of enchant weapon II
 t - a scroll of teleportation
Jewellery
 y - a ring of poison resistance (left hand)
Potions
 e - 3 potions of might
 h - 2 potions of restore abilities {unknown}
 i - 3 potions of heal wounds {unknown}
 j - 6 potions of curing {unknown}
 l - a potion of flight {unknown}
 o - a potion of confusion {unknown}
 r - a potion of invisibility {unknown}
 v - 2 potions of magic {unknown}
 x - a potion of agility {unknown}
 A - a potion of cure mutation {unknown}


   Skills:
 - Level 3.6(8.6) Fighting
 + Level 10.0(15.0) Maces & Flails
 - Level 3.6(8.6) Armour
 - Level 3.6(8.6) Shields


You had 6 spell levels left.
You didn't know any spells.

Dungeon Overview and Level Annotations

Branches:
Dungeon (4/15)             Temple (0/1) D:4

Altars:
Dithmenos
Okawaru
Vehumet

Annotations:
D:4 rvm's ghost, average OpIE


Innate Abilities, Weirdness & Mutations

You reflexively headbutt those who attack you in melee.
You have a pair of horns on your head.


Message History

Rvm's ghost turns its malevolent gaze towards you.
You offer a prayer to Okawaru.
Okawaru is pleased with you.
Rvm's ghost is nearby!
You offer a prayer to Okawaru.
Okawaru is pleased with you.
Rvm's ghost is nearby!
You offer a prayer to Okawaru.
Okawaru is pleased with you.
Rvm's ghost is nearby!
Rvm's ghost points at you and mumbles some strange words.
The puff of frost hits you!
Use which ability? (? or * to list)
You gain the combat prowess of a mighty hero.
You feel slightly more hungry. Rvm's ghost casts a spell at you.
The shard of ice hits you!
Rvm's ghost gestures at you while chanting.
The shard of ice hits you!
You die...

#..........#
#.....)....#
#.....)....#
#.....)....#
#..........#
#..........#
#..........#
#######..........#
###..@.............#
#..p#####..........#
#.⌠.# #..........#
***#..p#***#..........#
#.........##..........#
#.⌠..>..⌠.##..........#
#.........##..........#
####...#####..........#
#.⌠.# #..........#


You could see rvm's ghost.

Vanquished Creatures
  2 ogres
  The ghost of wojtek the Chucker, an average KoAs (D:3)
  A jelly (D:4)
  2 orc priests
  3 orc wizards (D:4)
  2 worker ants (D:4)
  An iguana (D:4)
  7 adders
  3 gnolls (D:3)
  A giant mite (D:3)
  A worm (D:3)
  3 giant geckos
  An ooze (D:4)
  17 orcs
  3 giant cockroaches
  12 goblins
  5 hobgoblins
  8 jackals
  6 kobolds
  3 quokkas
  A ball python (D:1)
  9 bats
  A kobold skeleton (D:4)
  6 rats
99 creatures vanquished.

Notes
Turn   | Place    | Note
--------------------------------------------------------------
     0 | D:1      | Kae, the Minotaur Fighter, began the quest for the Orb.
     0 | D:1      | Reached XP level 1. HP: 19/19 MP: 1/1
   115 | D:1      | Reached XP level 2. HP: 20/26 MP: 1/1
   401 | D:1      | Reached skill level 4 in Maces & Flails
   703 | D:2      | Reached XP level 3. HP: 29/31 MP: 2/2
   835 | D:2      | Found a radiant altar of Vehumet.
   835 | D:2      | Found an iron altar of Okawaru.
   883 | D:2      | Reached skill level 5 in Maces & Flails
   911 | D:2      | Became a worshipper of Warmaster Okawaru
  1035 | D:2      | Found a shadowy altar of Dithmenos.
  1083 | D:2      | Reached XP level 4. HP: 30/39 MP: 2/2
  1372 | D:3      | Noticed wojtek's ghost (average KoAs)
  1386 | D:3      | Killed wojtek's ghost
  1386 | D:3      | Reached skill level 6 in Maces & Flails
  1386 | D:3      | Reached XP level 5. HP: 38/45 MP: 2/2
  1486 | D:3      | Reached skill level 7 in Maces & Flails
  1714 | D:3      | Noticed an ogre
  1721 | D:3      | Killed an ogre
  1721 | D:3      | Acquired Okawaru's first power
  1721 | D:3      | Reached skill level 8 in Maces & Flails
  1721 | D:3      | Reached XP level 6. HP: 31/51 MP: 3/3
  2506 | D:4      | Reached skill level 9 in Maces & Flails
  2638 | D:4      | Reached XP level 7. HP: 46/57 MP: 3/3
  2940 | D:4      | Reached skill level 10 in Maces & Flails
  2964 | D:4      | Found a staircase to the Ecumenical Temple.
  2967 | D:4      | Noticed rvm's ghost (average OpIE)
  2974 | D:4      | Killed from afar by rvm's ghost

Action                   |  1- 3 |  4- 6 |  7- 9 || total
-------------------------+-------+-------+-------++-------
Melee: Flail             |    27 |       |     3 ||    30
       Whip              |    84 |   124 |    30 ||   238
Invok: Heroism           |       |       |     1 ||     1
  Use: Scroll            |       |     8 |       ||     8
